 Dungeon Crawl Stone Soup version bcrawl-1.19-7-g22fd707d3b (webtiles) character file.

Game seed: 2865221581628595857

88557 JackS81 the Bludgeoner (level 15, -4/124 HPs)
             Began as a Demonspawn Monk on Nov 15, 2019.
             Was a High Priest of Okawaru.
             Killed by divine providence
             ... invoked by an orc high priest
              (13 damage)
             ... on level 1 of the Elven Halls on Nov 20, 2019.
             The game lasted 02:42:39 (29595 turns).

JackS81 the Bludgeoner (Demonspawn Monk)           Turns: 29595, Time: 02:42:40

Health: -4/124     AC: 17    Str: 12    XL:     15   Next: 46%
Magic:  16/20      EV: 14    Int: 16    God:    Okawaru [*****.]
Gold:   2464       SH: 19    Dex: 18    Spells: 16/18 levels left

rFire    . . .     SeeInvis .   X - +4 eveningstar (freeze)
rCold    . . .     Gourm    .   M - +2 shield {reflect}
rNeg     + . .     Faith    .   s - +3 ring mail
rPois    .         Spirit   .   k - +2 hat {Int+3}
rElec    .         Reflect  +   x - scarf {stasis}
rCorr    .         Harm     .   (no gloves)
MR       ++...                  C - +2 pair of boots
Stlth    +.........             J - +6 amulet of reflection
HPRegen  0.30/turn              n - ring of positive energy
MPRegen  0.17/turn              p - ring of protection from magic

@: finesse, studying Slings, heavily drained
A: antennae 2, rugged brown scales 2, clumsy 1, demonic guardian 2, foul stench
1, wild magic 1, rot immunity
a: Heroism, Finesse, Renounce Religion


You were on level 1 of the Elven Halls.
You worshipped Okawaru.
Okawaru was extremely pleased with you.
You were not hungry.

You visited 5 branches of the dungeon, and saw 21 of its levels.

You collected 2464 gold pieces.

Inventory:

Hand Weapons
 e - a +4 flail of pain
 O - a +2 dire flail of protection
 P - the +9 trident of the Enchanted Forest {pierce, +Blink rF+++ rC- Int-4}
   (You found it on level 2 of the Lair of Beasts)

   It inflicts extra damage upon your enemies.
   It affects your intelligence (-4).
   It renders you almost immune to fire.
   It makes you vulnerable to cold.
   It lets you blink.
 X - a +4 eveningstar of freezing (weapon)
Missiles
 t - 85 silver javelins
 z - 110 tomahawks of dispersal
 G - 455 tomahawks (quivered)
 K - 69 javelins of penetration
Armour
 d - a +2 chain mail of positive energy
 k - a +2 hat of intelligence (worn)
 s - a +3 ring mail (worn)
 u - a +0 chain mail of fire resistance
 x - a scarf of stasis (worn)
 y - a +0 chain mail of cold resistance
 C - a +2 pair of boots (worn)
 M - a +2 shield of reflection (worn)
Jewellery
 c - an uncursed ring of insulation
 n - a ring of positive energy (left hand)
 p - a ring of protection from magic (right hand)
 H - an uncursed ring of flight
 J - a +6 amulet of reflection (around neck)
 W - an uncursed amulet of regeneration
Wands
 b - a wand of iceblast (21)
 l - a wand of disintegration (13)
 o - a wand of acid (4)
 w - a wand of flame (20)
 A - a wand of polymorph (8)
 I - a wand of clouds (1)
 V - a wand of enslavement (9)
 Y - a wand of digging (6)
Scrolls
 a - 3 scrolls of magic mapping
 g - 7 scrolls of remove curse
 i - 8 scrolls of teleportation
 j - 7 scrolls of enchant armour
 m - a scroll of identify
 B - 5 scrolls of amnesia
 E - a scroll of acquirement
 F - a scroll of enchant weapon
 S - 4 scrolls of fog
 T - 2 scrolls of brand weapon
 U - 2 scrolls of fear
Potions
 q - a potion of cancellation
 v - 5 potions of haste
 D - 3 potions of mutation
 L - a potion of agility
 N - 3 potions of resistance
 Q - a potion of magic
Books
 h - a manual of Slings
Miscellaneous
 Z - a lamp of fire
Comestibles
 f - 31 rations {!d}
 r - a chunk of flesh


   Skills:
 + Level 11.4(10.0) Fighting
 + Level 15.2(13.6) Maces & Flails
 - Level 3.0(1.8) Throwing
 + Level 9.5(8.2) Armour
 + Level 9.4(8.0) Dodging
 - Level 2.0(0.8) Stealth
 + Level 9.9(8.5) Shields
 - Level 2.0(0.9) Spellcasting
 - Level 2.0(0.9) Charms
 - Level 2.0(0.9) Summonings
 - Level 7.0(5.7) Invocations
 - Level 4.0(2.8) Evocations


You had 16 spell levels left.
You knew the following spells:

 Your Spells              Type           Power        Failure   Level  Hunger
a - Infusion              Chrm           #.......     67%         1    ##.....
b - Summon Butterflies    Summ           #.......     65%         1    ##.....

Your spell library contained the following spells:

 Spells                   Type           Power        Failure   Level  Hunger
 Animate Skeleton         Necr           N/A          78%         1    ##.....
 Apportation              Tloc           #.....       78%         1    ##.....
 Pain                     Necr           #.....       78%         1    ##.....
 Sandblast                Erth           #.....       78%         1    ##.....
 Slow                     Hex            #.......     78%         1    ##.....
 Regeneration             Chrm/Necr      #.........   97%         3    ####...
 Vampiric Draining        Necr           #.........   98%         3    ####...
 Animate Dead             Necr           N/A          100%        4    #####..
 Bolt of Draining         Conj/Necr      #.........   100%        5    ######.


Dungeon Overview and Level Annotations

Branches:
Dungeon (12/12)            Temple (1/1) D:6            Lair (6/6) D:9
  Swamp (0/3) Lair:4        Snake (0/3) Lair:3        Slime (0/5) Lair:5
    Orc (1/1) D:8             Elf (1/3) Orc          Vaults (0/3) D:12
 Depths (0/5) D:12

Altars:
Ashenzari
Cheibriados
Dithmenos
Elyvilon
Fedhas
Gozag
Hepliaklqana
Kikubaaqudgha
Lugonu
Makhleb
Nemelex Xobeh
Okawaru
Qazlal
Ru
Sif Muna
Trog
Uskayaw
Vehumet
Wu Jian
Xom
Yredelemnul
Zin
The Shining One
Jiyva

Shops:
D:9 :((}   D:11 (   Orc }?!*   Elf:1 (

Portals:
Hell: Lair:6
Trove: D:11 (give +3 gold dragon scales)

Annotations:
D:12 2 transporters, lis82's ghost, journeyman DgFi


Innate Abilities, Weirdness & Mutations

You have a pair of antennae on your head.
You are mostly covered in rugged brown scales. (AC +2, +5% HP)
A demonic guardian rushes to your aid.
You may emit foul miasma when damaged in melee.
You are immune to rotting.
You are clumsy. (Dex -2)
Your spells are a little harder to cast, but a little more powerful.


Message History

You thump the orc! You freeze the orc.
You kill the orc!
The warg bites you!
* * * LOW HITPOINT WARNING * * *
The orc warrior hits you with a +2 morningstar of protection!!
* * * LOW HITPOINT WARNING * * *
The orc high priest barely misses you. You block the warg's attack.
You sock the orc warrior! You freeze the orc warrior.
The orc warrior is moderately wounded.
The orc closely misses you.
Your smoke demon hits the warg but does no damage.
Your smoke demon closely misses the warg.
Your smoke demon hits the warg.
You impale the orc warrior!! You freeze the orc warrior!
You kill the orc warrior!
Okawaru accepts your kill. You block the warg's attack.
The orc high priest calls down the wrath of Beogh upon you.
Beogh smites you!
You die...

########################
.....................)).
................).)...))
........................
##.###..##########'####
#.3# ....... #@h#
......... #)o# ###...###
#oo# #...# #O.# #...#
#..# ..# #..# #.$# #..#


You could see an orc high priest, a warg, an ogre, 2 orcs and a friendly smoke
demon.

Vanquished Creatures
  Rupert (D:12)
  Donald (Orc)
  A frost giant (D:12)
  A dire elephant (Lair:6)
  Snorg (Lair:6)
  Harold (D:8)
  Erolcha (D:12)
  The ghost of yrara the Cleaver, a journeyman DsFi of Gozag (D:9)
  9 hydras
  A centaur warrior (D:8)
  9 two-headed ogres
  2 ogre magi (D:12)
  3 dancing weapons (Elf:1)
  Urug (D:12)
  The ghost of Morbidden the Thaumaturge, a novice FrTm of Vehumet (D:9)
  Sonja (D:11)
  A sun demon (Lair:6)
  2 deep elf knights (Elf:1)
  A deep troll (shapeshifter) (D:11)
  2 wizards
  A necromancer (D:12)
  An orc knight (Orc)
  A cyclops (Orc)
  11 deep elf magi (Elf:1)
  An oklob plant (Lair:5)
  3 orc sorcerers
  A manticore (D:12)
  6 ugly things
  A salamander (Lair:5)
  8 elephants
  An eye of devastation (Lair:5)
  A cane toad (shapeshifter) (D:11)
  6 black mambas
  A naga mage (D:12)
  A centaur skeleton (D:12)
  8 cane toads
  3 rime drakes (Lair:6)
  A hellwing (Lair:6)
  4 komodo dragons
  2 red devils (Lair:6)
  3 trolls
  A polar bear (Lair:4)
  A polar bear (shapeshifter) (D:11)
  5 slime creatures
  4 blink frogs
  5 dream sheep (Lair:6)
  7 hippogriffs
  2 centaur simulacra (D:12)
  4 wyverns
  A fire elemental (Elf:1)
  3 wraiths (D:11)
  2 vampires
  20 yaks
  Grum (D:9)
  3 basilisks
  15 humans
  A hungry ghost (D:11)
  A vampire mosquito (D:12)
  A warg (Orc)
  18 water moccasins
  4 hell hounds (Lair:6)
  Duvessa (D:5)
  10 porcupines
  30 orc warriors
  4 sky beasts
  An eye of draining (Lair:5)
  A black bear (D:6)
  An ice beast (D:12)
  2 phantoms
  5 ogres
  14 centaurs
  13 crocodiles
  14 wolves
  11 bullfrogs
  3 big kobolds
  An earth elemental (Elf:1)
  A gnoll sergeant (D:8)
  5 scorpions
  4 electric eels
  9 wights
  3 howler monkeys
  A bullfrog zombie (D:7)
  2 centaur zombies
  A lava snake (Lair:5)
  7 crimson imps
  A quasit (D:9)
  6 hounds
  Crazy Yiuf (D:5)
  18 orc priests
  15 orc wizards
  Ijyb (D:5)
  3 iguanas
  12 worker ants
  A killer bee zombie (D:6)
  A hound zombie (D:3)
  3 hound skeletons
  2 worker ant zombies (D:6)
  5 gnolls (D:8)
  21 adders
  3 shadow imps
  An ooze (D:1)
  An adder skeleton (D:5)
  2 adder zombies
  6 worms
  3 dart slugs
  3 leopard geckos
  56 orcs
  4 giant cockroaches
  2 goblins
  6 hobgoblins
  5 jackals
  22 kobolds
  6 quokkas
  A ball python (D:2)
  A bat (D:2)
  3 frilled lizards
  A jackal skeleton (D:4)
  10 rats
575 creatures vanquished.

Vanquished Creatures (collateral kills)
  Gastronok (D:11)
  Josephine (D:11)
  2 hydras (Lair:6)
  2 catoblepae
  4 two-headed ogres
  A tengu warrior (D:11)
  A deep elf knight (Elf:1)
  A wizard (D:12)
  A lindwurm (Lair:6)
  An oklob plant (Lair:5)
  4 deep elf magi (Elf:1)
  An elephant (Lair:6)
  A black mamba (Lair:3)
  A centaur zombie (D:8)
  A cane toad (Lair:1)
  2 orange demons (Lair:6)
  2 komodo dragons
  A red devil (Lair:6)
  3 slime creatures
  6 dream sheep (Lair:6)
  8 blink frogs
  2 hippogriffs
  The ghost of Freyura the Shield-Bearer, an amateur GrFi (D:4)
  A vampire (D:11)
  A shadow (D:12)
  A wyvern (Lair:6)
  2 humans (D:12)
  A wraith (D:11)
  3 yaks
  A vampire mosquito (D:12)
  An acid dragon (Lair:6)
  A hell hound (Lair:6)
  4 water moccasins
  A phantom (D:5)
  5 ogres
  4 wolves (Lair:3)
  A centaur (D:8)
  3 crocodiles
  A bullfrog (Lair:1)
  Dowan (D:5)
  A scorpion (D:5)
  3 howler monkeys
  A crimson imp (D:5)
  3 orc wizards
  3 centaur skeletons
  2 iguanas
  A hound skeleton (D:5)
  An adder (D:5)
  5 orcs
  A jackal (D:5)
  4 kobolds (D:4)
  A quokka skeleton (D:4)
  A fungus (Lair:4)
107 creatures vanquished.

Vanquished Creatures (others)
  Nessos (D:12)
  A cyclops (D:12)
  2 orc warriors (Orc)
  A centaur (Orc)
  A bullfrog zombie (D:6)
  4 orcs (Orc)
  A kobold (D:4)
  11 fungi
  20 plants
42 creatures vanquished.

Grand Total: 724 creatures vanquished

Notes
Turn   | Place    | Note
-------+----------+-------------------------------------------
     0 | D:1      | JackS81 the Demonspawn Monk began the quest for the Orb.
     0 | D:1      | Reached XP level 1. HP: 18/18 MP: 2/2
   111 | D:1      | Reached skill level 3 in Maces & Flails
   121 | D:1      | Gained mutation: You are immune to rotting. [demonic
                  | ancestry]
   121 | D:1      | Reached XP level 2. HP: 16/24 MP: 2/4
   907 | D:2      | Reached XP level 3. HP: 22/29 MP: 3/5
  1148 | D:2      | Found an iron altar of Okawaru.
  1148 | D:2      | Found a snail-covered altar of Cheibriados.
  1150 | D:2      | Found a white marble altar of Elyvilon.
  1151 | D:2      | Found a glowing golden altar of the Shining One.
  1152 | D:2      | Found a shimmering blue altar of Sif Muna.
  1156 | D:2      | Became a worshipper of Warmaster Okawaru
  1156 | D:2      | Reached * piety under Okawaru
  1156 | D:2      | Reached ** piety under Okawaru
  1215 | D:2      | Found a faded altar of an unknown god.
  1291 | D:2      | Found an ornate altar of the Wu Jian Council.
  1551 | D:2      | Learned a level 1 spell: Infusion
  1553 | D:2      | Learned a level 1 spell: Summon Butterflies
  1775 | D:3      | Reached skill level 4 in Maces & Flails
  1775 | D:3      | Gained mutation: A weak demonic guardian rushes to your
                  | aid. [demonic ancestry]
  1775 | D:3      | Reached XP level 4. HP: 13/35 MP: 1/6
  2087 | D:3      | Found a shimmering altar of Xom.
  2166 | D:3      | Found a corrupted altar of Lugonu.
  2242 | D:3      | Reached skill level 1 in Armour
  2518 | D:3      | Gained mutation: You have a pair of small antennae on your
                  | head. [demonic ancestry]
  2518 | D:3      | Reached XP level 5. HP: 41/41 MP: 7/7
  2554 | D:3      | Noticed a +0 dagger
  2554 | D:3      | Noticed a +0 hand axe
  2566 | D:3      | Found a hide-covered altar of Uskayaw.
  3001 | D:3      | Found a sparkling altar of Nemelex Xobeh.
  3017 | D:3      | Noticed a moth of wrath
  3020 | D:3      | Found a bloodstained altar of Trog.
  3283 | D:4      | Reached skill level 1 in Summonings
  3512 | D:4      | Found a runed translucent gate.
  3513 | D:4      | Found a runed translucent gate.
  3514 | D:4      | Found a runed translucent gate.
  3515 | D:4      | Found a shadowy altar of Dithmenos.
  3516 | D:4      | Noticed Freyura's ghost (amateur GrFi)
  3518 | D:4      | Identified the +5 short sword of Feud {chaos, rN+ SInv}
  3659 | D:4      | Reached XP level 6. HP: 18/47 MP: 4/8
  4013 | D:4      | Reached skill level 5 in Maces & Flails
  4013 | D:4      | Reached skill level 1 in Charms
  4130 | D:4      | Reached *** piety under Okawaru
  4528 | D:5      | Entered Level 5 of the Dungeon
  4704 | D:5      | Found a radiant altar of Vehumet.
  4785 | D:5      | Gained mutation: A demonic guardian rushes to your aid.
                  | [demonic ancestry]
  4785 | D:5      | Reached XP level 7. HP: 49/53 MP: 9/9
  4804 | D:5      | Noticed Duvessa
  4885 | D:5      | Killed Duvessa
  4885 | D:5      | Reached skill level 1 in Spellcasting
  5047 | D:5      | Reached **** piety under Okawaru
  5056 | D:5      | Noticed Dowan
  5057 | D:5      | Gained mutation: You are clumsy. (Dex -2) [potion of
                  | mutation]
  5057 | D:5      | Gained mutation: Your spells are a little harder to cast,
                  | but a little more powerful. [potion of mutation]
  5064 | D:5      | Killed Dowan
  5068 | D:5      | Reached skill level 6 in Maces & Flails
  5794 | D:5      | Noticed Ijyb
  5896 | D:5      | Killed Ijyb
  5896 | D:5      | Reached XP level 8. HP: 51/60 MP: 7/10
  5965 | D:5      | Found a runed door.
  5969 | D:5      | Noticed Crazy Yiuf
  5978 | D:5      | Killed Crazy Yiuf
  6263 | D:6      | Found a staircase to the Ecumenical Temple.
  7327 | D:6      | Noticed a hippogriff
  7756 | D:6      | Reached skill level 7 in Maces & Flails
  7881 | D:6      | Found a hazy altar of Hepliaklqana.
  7910 | D:6      | Killed a hippogriff
  7910 | D:6      | Reached skill level 5 in Fighting
  7910 | D:6      | Reached skill level 5 in Dodging
  8605 | D:7      | Reached XP level 9. HP: 60/68 MP: 9/11
  8841 | D:7      | Reached skill level 8 in Maces & Flails
  8953 | D:7      | Reached ***** piety under Okawaru
  9099 | D:7      | Reached skill level 1 in Evocations
  9318 | D:8      | Noticed a two-headed ogre
  9334 | D:7      | Killed a two-headed ogre
  9334 | D:7      | Reached skill level 1 in Throwing
  9334 | D:7      | Reached skill level 5 in Armour
  9496 | D:8      | Noticed a centaur warrior
  9637 | D:8      | Reached skill level 9 in Maces & Flails
  9679 | D:8      | Killed a centaur warrior
  9775 | D:8      | Gained mutation: You are partially covered in rugged brown
                  | scales. (AC +1, +3% HP) [demonic ancestry]
  9775 | D:8      | Reached XP level 10. HP: 62/77 MP: 10/13
  9812 | D:7      | Reached skill level 10 in Maces & Flails
  9922 | D:7      | Upgraded the game from bcrawl-1.18.1 to
                  | bcrawl-1.19-7-g22fd707d3b
 10287 | D:8      | Noticed Harold
 10321 | D:8      | Killed Harold
 11056 | D:8      | Found a staircase to the Orcish Mines.
 11227 | D:8      | Found a stormy altar of Qazlal.
 11256 | D:9      | Found Togib's Antique Weapon Shoppe.
 11276 | D:9      | Found Siun's Weapon Emporium.
 11378 | D:9      | Noticed Grum
 11407 | D:9      | Killed Grum
 11407 | D:9      | Received a gift from Okawaru
 11407 | D:9      | Reached skill level 11 in Maces & Flails
 11612 | D:9      | Found Doaboazi's Gadget Shop.
 11683 | D:9      | Noticed a two-headed ogre
 11691 | D:9      | Killed a two-headed ogre
 11691 | D:9      | Received a gift from Okawaru
 11860 | D:9      | Found a staircase to the Lair.
 11901 | D:9      | Noticed a two-headed ogre
 11913 | D:9      | Killed a two-headed ogre
 11989 | D:9      | Found a runed translucent gate.
 11990 | D:9      | Found a runed translucent gate.
 12035 | D:9      | Found Lypek's Book Emporium.
 12040 | D:9      | Reached skill level 12 in Maces & Flails
 12187 | D:9      | Found a runed translucent gate.
 12189 | D:9      | Noticed yrara's ghost (journeyman DsFi)
 12189 | D:9      | Noticed Morbidden's ghost (novice FrTm)
 12729 | D:4      | Killed Freyura's ghost
 12729 | D:4      | Gained mutation: You are mostly covered in rugged brown
                  | scales. (AC +2, +5% HP) [demonic ancestry]
 12729 | D:4      | Reached XP level 11. HP: 74/87 MP: 11/14
 13117 | Lair:1   | Entered Level 1 of the Lair of Beasts
 13433 | Lair:1   | Reached skill level 1 in Shields
 13991 | Temple   | Entered the Ecumenical Temple
 14365 | Lair:2   | Found a shimmering altar of Xom.
 14635 | Lair:2   | Received a gift from Okawaru
 14681 | Lair:2   | Got a crystal trident
 15315 | Lair:3   | Reached skill level 13 in Maces & Flails
 15803 | Lair:3   | Received a gift from Okawaru
 16157 | Lair:3   | Noticed a six-headed hydra
 16170 | Lair:3   | Killed a six-headed hydra
 16362 | Lair:3   | Reached ****** piety under Okawaru
 16442 | Lair:3   | Gained mutation: You have a pair of antennae on your head.
                  | [demonic ancestry]
 16442 | Lair:3   | Reached XP level 12. HP: 96/96 MP: 15/15
 16454 | Lair:3   | Found a staircase to the Snake Pit.
 16646 | Lair:3   | Received a gift from Okawaru
 16653 | Lair:3   | Identified the +9 trident of the Enchanted Forest {pierce,
                  | +Blink rF+++ rC- Int-4} (You found it on level 2 of the
                  | Lair of Beasts)
 16669 | Lair:3   | Got a creamy pearl robe
 16901 | Lair:3   | Identified the +2 robe of Slovenliness {rPois rN+ Int-4
                  | Stlth+} (You found it on level 3 of the Lair of Beasts)
 17120 | Lair:3   | Reached skill level 5 in Shields
 17472 | Lair:4   | Found a staircase to the Swamp.
 17480 | Lair:4   | Noticed a four-headed hydra
 17490 | Lair:4   | Killed a four-headed hydra
 17542 | Lair:4   | Noticed a catoblepas
 17568 | Lair:4   | Killed a catoblepas
 18628 | Lair:5   | Found a viscous altar of Jiyva.
 18783 | Lair:5   | Received a gift from Okawaru
 19060 | Lair:5   | Noticed a catoblepas
 19067 | Lair:5   | Found a viscous altar of Jiyva.
 19385 | Lair:5   | Noticed a six-headed hydra
 19392 | Lair:5   | Killed a six-headed hydra
 19624 | Lair:5   | Reached skill level 14 in Maces & Flails
 19633 | Lair:5   | Found an ancient bone altar of Kikubaaqudgha.
 20068 | Lair:5   | Found a staircase to the Slime Pits.
 20129 | Lair:5   | Killed a catoblepas
 20481 | Lair:6   | Entered Level 6 of the Lair of Beasts
 20484 | Lair:6   | Noticed a five-headed hydra
 20486 | Lair:6   | Noticed a seven-headed hydra
 20498 | Lair:6   | Killed a five-headed hydra
 20499 | Lair:6   | Killed a seven-headed hydra
 20611 | Lair:6   | Noticed a six-headed hydra
 20623 | Lair:6   | Killed a six-headed hydra
 20623 | Lair:6   | Gained mutation: You may emit foul miasma when damaged in
                  | melee. [demonic ancestry]
 20623 | Lair:6   | Reached XP level 13. HP: 70/106 MP: 16/16
 20881 | Lair:6   | Reached skill level 5 in Invocations
 20882 | Lair:6   | Received a gift from Okawaru
 21433 | Lair:6   | Noticed Snorg
 21445 | Lair:6   | Killed Snorg
 21651 | Lair:6   | Received a gift from Okawaru
 21895 | Lair:6   | Noticed a dire elephant
 21914 | Lair:6   | Killed a dire elephant
 22205 | Lair:6   | Found a large runed door.
 22206 | Lair:6   | Found a large runed door.
 22446 | Lair:6   | Found a burning altar of Makhleb.
 22521 | Lair:6   | Found a gateway to Hell.
 22955 | D:9      | Killed yrara's ghost
 22960 | D:9      | Killed Morbidden's ghost
 23053 | D:10     | Entered Level 10 of the Dungeon
 23175 | D:10     | Received a gift from Okawaru
 23759 | D:10     | Reached XP level 14. HP: 114/114 MP: 19/19
 24114 | D:11     | Received a gift from Okawaru
 24134 | D:11     | Noticed Josephine
 24137 | D:11     | Killed Josephine
 24231 | D:11     | Noticed Sonja
 24245 | D:11     | Killed Sonja
 24245 | D:11     | Reached skill level 10 in Fighting
 24437 | D:11     | Found a portal to a secret trove of treasure.
 24643 | D:11     | Found Cuckuwep's Weapon Emporium.
 24670 | D:11     | Noticed Gastronok
 24682 | D:11     | Was placed under penance by Okawaru
 24698 | D:11     | Killed Gastronok
 24698 | D:11     | Was forgiven by Okawaru
 25108 | D:12     | Entered Level 12 of the Dungeon
 25121 | D:12     | Noticed a frost giant
 25125 | D:12     | Noticed Urug
 25135 | D:12     | Noticed Rupert
 25140 | D:12     | Killed Urug
 25140 | D:12     | Received a gift from Okawaru
 25146 | D:12     | Killed a frost giant
 25182 | D:12     | Killed Rupert
 25217 | D:12     | Identified a scroll of acquirement
 25261 | D:12     | Noticed Nessos
 25272 | D:12     | Noticed Erolcha
 25276 | D:12     | Killed Nessos
 25559 | D:12     | Found a gate to the Vaults.
 25611 | D:12     | Killed Erolcha
 25611 | D:12     | Received a gift from Okawaru
 26737 | D:12     | Found a staircase to the Depths.
 26857 | D:12     | Reached XP level 15. HP: 123/123 MP: 17/20
 26886 | D:12     | Noticed lis82's ghost (journeyman DgFi)
 27067 | D:12     | Found a transporter.
 27067 | D:12     | Found a transporter.
 27237 | Orc      | Entered the Orcish Mines
 27242 | Orc      | Reached skill level 15 in Maces & Flails
 27520 | Orc      | Found a staircase to the Elven Halls.
 27678 | Orc      | Noticed Donald
 27684 | Orc      | Killed Donald
 28509 | Orc      | Found Noishod's Magic Scroll Emporium.
 28509 | Orc      | Found Lalletroo's Distillery.
 28511 | Orc      | Found Sompaj's Gadget Shoppe.
 28513 | Orc      | Found Tycuish's Assorted Antiques.
 28682 | Elf:1    | Entered Level 1 of the Elven Halls
 28695 | Elf:1    | Found Qago Kipoe's Antique Weapon Shoppe.
 28714 | Elf:1    | Received a gift from Okawaru
 29595 | Elf:1    | Killed from afar by an orc high priest

Skill      XL: |  1  2  3  4  5  6  7  8  9 10 11 12 13 14 15 |
---------------+----------------------------------------------+-----
Maces & Flails | 3 4 5 6 7 9 12 13 14 15 | 15.2
Dodging        | 3 4 5 6 7 8 9 |  9.4
Invocations    | 3 4 7 |  7.0
Armour         | 1 2 3 4 5 6 7 9 |  9.5
Summonings     | 1 2 |  2.0
Charms         | 1 2 |  2.0
Spellcasting   | 1 2 |  2.0
Fighting       | 4 5 6 7 9 11 | 11.4
Evocations     | 1 2 4 |  4.0
Throwing       | 2 3 |  3.0
Shields        | 4 7 8 9 |  9.9
Stealth        | |  2.0

Action                   |  1- 3 |  4- 6 |  7- 9 | 10-12 | 13-15 || total
-------------------------+-------+-------+-------+-------+-------++-------
Melee: Mace              |    81 |       |       |       |       ||    81
       Whip              |    38 |   402 |   537 |       |       ||   977
       Unarmed           |       |       |    36 |       |       ||    36
       Punch             |       |       |     4 |     2 |       ||     6
       Morningstar       |       |       |   111 |   493 |       ||   604
       Dire flail        |       |       |       |   256 |       ||   256
       Eveningstar       |       |       |       |    82 |  1032 ||  1114
Throw: Stone             |    43 |    52 |       |       |       ||    95
       Tomahawk          |       |    66 |    53 |    58 |    60 ||   237
       Javelin           |       |       |    51 |     1 |     8 ||    60
 Cast: Infusion          |       |       |     1 |       |       ||     1
Invok: Heroism           |     1 |       |     6 |    21 |    39 ||    67
       Finesse           |       |       |     1 |     8 |    12 ||    21
Evoke: Wand              |       |       |     2 |     2 |     7 ||    11
  Use: Potion            |     4 |     2 |     8 |     3 |     5 ||    22
       Scroll            |     5 |     3 |     6 |     8 |     8 ||    30
 Stab: Sleeping          |     3 |     2 |       |       |     2 ||     7
       Distracted        |     1 |     1 |       |     2 |     8 ||    12
       Confused          |       |       |     1 |       |     5 ||     6
  Eat: Chunk             |     2 |    11 |    13 |    25 |    22 ||    73
       Ration            |       |       |     1 |     3 |     2 ||     6
Armor: Robe              |     4 |       |       |       |       ||     4
       Skin              |     2 |       |    26 |     4 |       ||    32
       Ring mail         |     6 |   119 |   183 |   260 |   175 ||   743
Dodge: Dodged            |    62 |   203 |   361 |   334 |   279 ||  1239
Block: Shield            |       |       |       |   213 |   762 ||   975
       Reflection        |       |       |       |     7 |    69 ||    76
       Other             |       |       |       |    61 |       ||    61
